 Dungeon Crawl Stone Soup version 0.27.1-35-g4d5d836560 (webtiles) character file.

Game seed: 11798201413190389518

131 nickcage the Caller (level 5, -2/28 HPs)
             Began as a Tengu Summoner on May 10, 2022.
             Killed from afar by a kobold (15 damage)
             ... with an iceblast
             ... on level 4 of the Dungeon.
             The game lasted 00:13:06 (3755 turns).

nickcage the Caller (Tengu Summoner)                Turns: 3755, Time: 00:13:08

Health: -2/28      AC:  2    Str:  8    XL:     5   Next: 14%
Magic:  5/10       EV: 14    Int: 16    God:
Gold:   95         SH:  0    Dex: 15    Spells: 3/9 levels left

rFire    . . .     SeeInvis .   b - +0 mace
rCold    . . .     Faith    .   (no shield)
rNeg     . . .     Spirit   .   a - +0 robe
rPois    .         Reflect  .   (helmet restricted)
rElec    .         Harm     .   (no cloak)
rCorr    .         Rampage  .   (no gloves)
Will     .....                  (boots unavailable)
Stlth    ++........             (no amulet)
HPRegen  0.09/turn              (no ring)
MPRegen  0.12/turn              (no ring)

@: flying quickly and evasively, quick
A: beak, talons 3, nimble flight
a: no special abilities


You were on level 4 of the Dungeon.
You visited 1 branch of the dungeon, and saw 4 of its levels.

You collected 95 gold pieces.

Inventory:

Hand Weapons
 b - a +0 mace (weapon)
Armour
 a - a +0 robe (worn)
Jewellery
 f - an amulet of guardian spirit
Wands
 h - a wand of charming (6)
Scrolls
 c - 2 scrolls of identify
 d - a scroll of brand weapon
 e - a scroll of immolation
 g - a scroll of noise {unknown}


   Skills:
 - Level 2.1 Dodging
 - Level 2.0 Stealth
 * Level 2.8 Spellcasting
 + Level 7.0 Summonings


You had 3 spell levels left.
You knew the following spells:

 Your Spells              Type           Power      Damage    Failure   Level
a - Summon Small Mammal   Summ           96%        N/A       1%          1
b - Call Imp              Summ           24%        N/A       1%          2
c - Call Canine Familiar  Summ           24%        N/A       3%          3

Your spell library contained the following spells:

 Spells                   Type           Power      Damage    Failure   Level
 Summon Guardian Golem    Hex/Summ       13%        N/A       13%         3
 Blink                    Tloc           N/A        N/A       28%         2
 Lesser Beckoning         Tloc           1%         N/A       50%         3
 Summon Lightning Spire   Summ/Air       13%        N/A       41%         4
 Manifold Assault         Tloc           2%         N/A       99%         5


Dungeon Overview and Level Annotations

Branches:
Dungeon (4/15)
 Temple: D:4-7

Altars:
Cheibriados


Innate Abilities, Weirdness & Mutations

You have a beak for a mouth.
You have claws for feet.
Your magical nature lets you fly swiftly and evasively.


Message History

The orc is lightly wounded.
The orc hits you with a +0 hand axe. The orc closely misses your hound.
Your hound bites the orc.
The orc misses your hound.
Your hound bites the orc.
Your hound closely misses the orc.
A hobgoblin comes into view.
The orc completely misses your hound.
Your hound barely misses the orc.
The orc barely misses your hound.
Your hound bites the orc but does no damage.
What are your orders? t - Shout!
Orders for allies: a - Attack new target. r - Retreat! s - Stop attacking. g - Guard the area. f - Follow me.
Anything else - Cancel.
Gang up on whom?
Press: ? - help, Dir - move target, f - black bear
Aim: a black bear (moderately wounded) Attack!
Your hound bites the black bear but does no damage.
The black bear bites you. The black bear barely misses you.
The black bear claws you.
The orc hits your hound with a +0 hand axe.
Your hound bites the black bear.
Your crimson imp closely misses the black bear.
The black bear bites your crimson imp!
The black bear completely misses your crimson imp. x2
The orc misses your hound.
Your hound bites the black bear.
Your crimson imp hits the black bear.
Your hound barely misses the black bear.
The black bear bites your crimson imp but does no damage.
The black bear claws your crimson imp. The black bear misses your crimson imp.
The orc hits your hound with a +0 hand axe.
Your hound closely misses the orc.
Your crimson imp completely misses the black bear.
The black bear closely misses your crimson imp.
The black bear claws your crimson imp. The black bear misses your crimson imp.
The kobold zaps a wand.
The mass of ice explodes!
The iceblast engulfs you!
Ouch! That really hurt!
You die...

...... ##.......
...###....... ##
##g##......# #.##
#.##.o.o.....#####...##
#......h..............##
##.##..oh..............#
#####.>...5K............
#.....†...o.............
#..##......##.@......## .
####..##..>......# #.
##.#...>..#...##. ...
...###..#.###..##....# ...
............##.##....... ..#
#...#.#..[..##..........
..###...._......#..#........
#.......#.#..............#..
..................##..(..# #


You could see a black bear (ally target), 4 orcs, a hobgoblin, a kobold, a
friendly hound (summoned) and a friendly crimson imp (summoned).

Vanquished Creatures
  Natasha (twice) (D:2)
  A gnoll (D:3)
  An adder skeleton (D:4)
  A dart slug (D:2)
  An endoplasm (D:2)
  3 giant cockroaches
  4 goblins
  A hobgoblin (D:1)
  7 jackals
  A kobold (D:1)
  A quokka (D:4)
  A ball python (D:3)
  4 bats
  A frilled lizard (D:1)
  3 rats (D:1)
32 creatures vanquished.

Vanquished Creatures (collateral kills)
  2 gnolls (D:3)
  4 adders
  2 ball pythons
  3 bats
  3 giant cockroaches
  2 goblins (D:2)
  2 hobgoblins (D:4)
  3 jackals (D:1)
  A quokka (D:1)
  2 frilled lizards (D:1)
  A rat (D:3)
25 creatures vanquished.

Grand Total: 57 creatures vanquished

Notes
Turn   | Place    | Note
-------+----------+-------------------------------------------
     0 | D:1      | nickcage the Tengu Summoner began the quest for the Orb.
     0 | D:1      | Reached XP level 1. HP: 10/10 MP: 4/4
   325 | D:1      | Found a faded altar of an unknown god.
   365 | D:1      | Reached skill level 5 in Summonings
   386 | D:1      | Reached XP level 2. HP: 10/15 MP: 4/6
   389 | D:1      | Learned a level 2 spell: Call Imp
  1460 | D:2      | Reached XP level 3. HP: 19/19 MP: 4/7
  1464 | D:2      | Learned a level 3 spell: Call Canine Familiar
  1610 | D:2      | Reached skill level 6 in Summonings
  1729 | D:2      | Noticed Natasha
  1736 | D:2      | Killed Natasha
  2034 | D:2      | Reached XP level 4. HP: 20/24 MP: 8/8
  2435 | D:2      | Noticed Natasha
  2442 | D:2      | Killed Natasha
  2951 | D:3      | Reached skill level 7 in Summonings
  3235 | D:3      | Gained mutation: Your magical nature lets you fly swiftly
                  | and evasively. [Tengu growth]
  3235 | D:3      | Reached XP level 5. HP: 28/28 MP: 5/9
  3617 | D:4      | Found a snail-covered altar of Cheibriados.
  3730 | D:4      | Noticed a black bear
  3755 | D:4      | Killed from afar by a kobold

Illustrated notes

Levels and vault maps discovered:
D:1:      wander_arrival_fairy_ring, layout_loops_ring,
          shapermc_ecumenical_altar_ellora
D:2:      layout_basic, uniq_natasha
D:3:      layout_basic, minivault_4
D:4:      layout_cave_pools, kennysheep_mini_moat, lemuel_crystal_altar

Skill      XL: |  1  2  3  4 |
---------------+-------------+-----
Summonings     | 5 6 7 |  7.0
Dodging        | |  2.1
Stealth        | |  2.0
Spellcasting   | |  2.8

Action                   |  1- 3 |  4- 6 || total
-------------------------+-------+-------++-------
Melee: Mace              |    90 |    44 ||   134
       Kick              |    11 |    10 ||    21
       Peck              |     9 |     5 ||    14
 Cast: Summon Small Mamm |    11 |       ||    11
       Call Imp          |     4 |     3 ||     7
       Call Canine Famil |     2 |    10 ||    12
  Use: Scroll            |       |     2 ||     2
 Stab: Sleeping          |     2 |     1 ||     3
       Distracted        |       |     1 ||     1
Armor: Robe              |    29 |     5 ||    34
Dodge: Dodged            |   112 |    31 ||   143
